 Dungeon Sprint DCSS version 0.27-a0-216-g1fbed8a51c (webtiles) character file.

Game seed: 4486312789287801903

18035 mhtbhm the Executioner (level 12, -22/186 HPs)
             Began as a Minotaur Fighter on Feb 1, 2021.
             Was the Champion of Trog.
             Killed from afar by Asmodeus (34 damage)
             ... with a bolt of fire
             ... in the Dungeon (Sprint VII: "The Pits").
             The game lasted 00:05:34 (3204 turns).

mhtbhm the Executioner (Minotaur Fighter)           Turns: 3204, Time: 00:05:35

Health: -22/186    AC: 21    Str: 30    XL:     12   Next: 24%
Magic:  11/11      EV: 11    Int:  5    God:    Trog [******]
Gold:   26         SH: 15    Dex:  9    Spells: 11/11 levels left

rFire    . . .     SeeInvis .   a - +4 broad axe (flame)
rCold    . . .     Faith    .   c - +0 kite shield
rNeg     . . .     Spirit   .   b - +4 chain mail
rPois    .         Reflect  .   (helmet restricted)
rElec    .         Harm     .   (no cloak)
rCorr    .         Rampage  .   (no gloves)
Will     .....     NoTele   +   (no boots)
Stlth    ..........             (no amulet)
HPRegen  0.41/turn              o - +3 ring of strength
MPRegen  0.12/turn              u - +4 ring of protection

@: mighty, berserking, lethally poisoned (-22 -> -27), very quick
A: retaliatory headbutt, horns 2
a: Renounce Religion, Berserk, Trog's Hand, Brothers in Arms


You were in the Dungeon.
You worshipped Trog.
Trog was exalted by your worship.
You visited 1 branch You collected 26 gold pieces.

Inventory:

Hand Weapons
 a - a +4 broad axe of flaming (weapon)
Armour
 b - a +4 chain mail (worn)
 c - a +0 kite shield (worn)
Jewellery
 o - a +3 ring of strength (left hand)
 t - an uncursed ring of willpower
 u - a +4 ring of protection (right hand)
Scrolls
 j - 2 scrolls of blinking
 l - 6 scrolls of remove curse
 n - a scroll of summoning
 q - 2 scrolls of fog
 r - 2 scrolls of enchant armour
 s - a scroll of identify
Potions
 d - a potion of might
 e - 9 potions of curing
 f - 14 potions of heal wounds
 g - 3 potions of haste
 h - 4 potions of magic
 i - 10 potions of berserk rage
 k - 2 potions of invisibility


   Skills:
 + Level 16.5 Fighting
 + Level 21.9 Axes
 + Level 15.4 Armour
 + Level 5.4 Dodging
 + Level 2.1 Stealth
 + Level 16.5 Shields


You had 11 spell levels left.
You didn't know any spells.
Your spell library was empty.

Dungeon Overview and Level Annotations

Branches:
Dungeon (1/1)

Altars:
Cheibriados
Dithmenos
Elyvilon
Fedhas
Gozag
Hepliaklqana
Makhleb
Nemelex Xobeh
Okawaru
Qazlal
Ru
Sif Muna
Trog
Vehumet
Wu Jian
Xom
Yredelemnul
Zin
The Shining One
Beogh
Jiyva
Lugonu

Annotations:
D Asmodeus


Innate Abilities, Weirdness & Mutations

You reflexively headbutt those who attack you in melee.
You have a pair of horns on your head.


Message History

You hit Asmodeus but do no damage.
Asmodeus is moderately wounded.
You barely miss the balrug. You slash the balrug!
You are engulfed in blazing flames.
* * * LOW HITPOINT WARNING * * *
You block the balrug's attack.
Unknown command.
You slash Asmodeus!
Asmodeus is moderately wounded.
You closely miss the balrug. x2; You are engulfed in blazing flames.
You feel sick. The balrug gestures at you.
The fireball explodes!
The fireball engulfs you!!
* * * LOW HITPOINT WARNING * * *
The fireball engulfs the balrug.
The balrug completely resists.
The fireball engulfs Asmodeus.
Asmodeus completely resists.
The fireball engulfs the balrug.
The balrug completely resists.
Asmodeus gestures at you. The bolt of fire hits you!!
You die...

#☼# #&# #§# #)# #○#
#'#
##################○#
................☼&○#
.....)†.........@2°#
#++##############2)#
#))# #).# #..# #..#
#..# #..# #..#


You could see Asmodeus (clouds) and 2 balrugs.

Vanquished Creatures
  A royal mummy (D)
  A frost giant (D)
  2 ghost moths (D)
  A merfolk impaler (D)
  A boulder beetle (D)
  A two-headed ogre (D)
  A death yak (D)
  A deep elf zephyrmancer (D)
  A deep elf pyromancer (D)
  A black mamba (D)
  An orange demon (D)
  A molten gargoyle (D)
  A rime drake (D)
  A komodo dragon (D)
  2 kobold demonologists (D)
  2 merfolk (D)
  A troll (D)
  A hornet (D)
  2 tyrant leeches (D)
  A flying skull (D)
  2 tarantellas (D)
  2 redbacks (D)
  A fire bat (D)
  A ynoxinul (D)
  A neqoxec (D)
  A steam dragon (D)
  A warg (D)
  Edmund (D)
  A water moccasin (D)
  4 soldier ants (D)
  An orc warrior (D)
  A phantom (D)
  An ogre (D)
  A wolf (D)
  A centaur (D)
  2 big kobolds (D)
  An earth elemental (D)
  2 scorpions (D)
  5 killer bees (D)
  A jelly (D)
  An orc priest (D)
  5 orc wizards (D)
  3 mummies (D)
  A river rat (D)
  A white imp (D)
  An ufetubus (D)
  2 oozes (D)
  An adder skeleton (D)
  A leopard gecko (D)
  3 orcs (D)
  A bat (D)
  A bat simulacrum (D)
  A giant cockroach (D)
  2 goblins (D)
  6 jackals (D)
  3 kobolds (D)
  A quokka (D)
  A ball python skeleton (D)
  2 frilled lizards (D)
92 creatures vanquished.

Vanquished Creatures (collateral kills)
  A sea snake (D)
  A merfolk (D)
  3 yaks (D)
  An earth elemental (D)
  A crimson imp (D)
  A hell rat (D)
8 creatures vanquished.

Grand Total: 100 creatures vanquished

Notes
Turn   | Place    | Note
-------+----------+-------------------------------------------
     0 | D        | mhtbhm the Minotaur Fighter began the quest for the Orb.
     0 | D        | Reached XP level 1. HP: 19/19 MP: 0/0
    79 | D        | Found a bloodstained altar of Trog.
    79 | D        | Found a shimmering blue altar of Sif Muna.
    79 | D        | Found a viscous altar of Jiyva.
    79 | D        | Found a hazy altar of Hepliaklqana.
    79 | D        | Found an opulent altar of Gozag.
    80 | D        | Found a glowing golden altar of the Shining One.
    80 | D        | Found a glowing silver altar of Zin.
    80 | D        | Found a basalt altar of Yredelemnul.
    80 | D        | Found a shimmering altar of Xom.
    80 | D        | Found an ornate altar of the Wu Jian Council.
    80 | D        | Found a sacrificial altar of Ru.
    80 | D        | Found a stormy altar of Qazlal.
    80 | D        | Found an iron altar of Okawaru.
    80 | D        | Found a sparkling altar of Nemelex Xobeh.
    80 | D        | Found a burning altar of Makhleb.
    80 | D        | Found a blossoming altar of Fedhas.
    80 | D        | Found a white marble altar of Elyvilon.
    80 | D        | Found a shadowy altar of Dithmenos.
    80 | D        | Found a snail-covered altar of Cheibriados.
    82 | D        | Found a radiant altar of Vehumet.
    82 | D        | Found a corrupted altar of Lugonu.
    82 | D        | Found a roughly hewn altar of Beogh.
    84 | D        | Became a worshipper of Trog the Wrathful
    99 | D        | Reached skill level 3 in Axes
    99 | D        | Reached XP level 2. HP: 28/28 MP: 1/1
   103 | D        | Reached * piety under Trog
   104 | D        | Reached skill level 5 in Armour
   109 | D        | Reached skill level 5 in Fighting
   110 | D        | Reached skill level 5 in Shields
   116 | D        | Reached ** piety under Trog
   124 | D        | Reached *** piety under Trog
   128 | D        | Reached XP level 3. HP: 31/36 MP: 2/2
   233 | D        | Noticed a flying skull
   253 | D        | Killed a flying skull
   253 | D        | Reached **** piety under Trog
   254 | D        | Reached skill level 6 in Axes
   254 | D        | Reached skill level 1 in Dodging
   254 | D        | Reached XP level 4. HP: 38/48 MP: 3/3
   254 | D        | Reached XP level 5. HP: 42/53 MP: 4/4
   301 | D        | Noticed a phantom
   312 | D        | Reached skill level 7 in Axes
   313 | D        | Reached XP level 6. HP: 37/61 MP: 5/5
   316 | D        | Reached ***** piety under Trog
   323 | D        | Reached skill level 8 in Axes
   327 | D        | Received a gift from Trog
   525 | D        | Reached skill level 9 in Axes
   627 | D        | Noticed a soldier ant
   637 | D        | Killed a soldier ant
   638 | D        | Reached XP level 7. HP: 67/70 MP: 6/6
   651 | D        | Reached skill level 10 in Axes
   651 | D        | Reached skill level 10 in Armour
   651 | D        | Reached skill level 10 in Shields
   702 | D        | Noticed a rime drake
   704 | D        | Received a gift from Trog
   710 | D        | Reached skill level 10 in Fighting
   713 | D        | Killed a rime drake
   714 | D        | Reached skill level 11 in Axes
   714 | D        | Reached XP level 8. HP: 79/79 MP: 7/7
   718 | D        | Reached skill level 12 in Axes
   859 | D        | Noticed a black mamba
   862 | D        | Killed a black mamba
  1001 | D        | Noticed a deep elf zephyrmancer
  1007 | D        | Reached skill level 13 in Axes
  1008 | D        | Killed a deep elf zephyrmancer
  1008 | D        | Reached ****** piety under Trog
  1008 | D        | Received a gift from Trog
  1009 | D        | Reached skill level 14 in Axes
  1009 | D        | Reached XP level 9. HP: 44/89 MP: 8/8
  1475 | D        | Noticed a kobold demonologist
  1475 | D        | Noticed a kobold demonologist
  1479 | D        | Killed a kobold demonologist
  1481 | D        | Reached skill level 15 in Axes
  1483 | D        | Reached skill level 1 in Stealth
  1483 | D        | Received a gift from Trog
  1487 | D        | Noticed a hellwing
  1488 | D        | Killed a kobold demonologist
  1581 | D        | Noticed a death yak
  1591 | D        | Killed a death yak
  1591 | D        | Received a gift from Trog
  1592 | D        | Reached skill level 16 in Axes
  1758 | D        | Noticed a two-headed ogre
  1759 | D        | Noticed a molten gargoyle
  1759 | D        | Noticed a tyrant leech
  1761 | D        | Reached XP level 10. HP: 92/99 MP: 9/9
  1762 | D        | Killed a two-headed ogre
  1763 | D        | Reached skill level 17 in Axes
  1772 | D        | Killed a molten gargoyle
  1848 | D        | Received a gift from Trog
  1941 | D        | Killed a ghost moth
  1942 | D        | Reached skill level 18 in Axes
  1943 | D        | Received a gift from Trog
  2152 | D        | Noticed Edmund
  2157 | D        | Noticed a boulder beetle
  2159 | D        | Noticed a sea snake
  2162 | D        | Killed Edmund
  2165 | D        | Received a gift from Trog
  2168 | D        | Killed a boulder beetle
  2169 | D        | Reached skill level 19 in Axes
  2169 | D        | Reached XP level 11. HP: 85/110 MP: 10/10
  2170 | D        | Killed a sea snake
  2175 | D        | Noticed a deep elf pyromancer
  2176 | D        | Received a gift from Trog
  2181 | D        | Killed a deep elf pyromancer
  2729 | D        | Received a gift from Trog
  2736 | D        | Killed a ghost moth
  2737 | D        | Reached skill level 15 in Fighting
  2737 | D        | Reached skill level 20 in Axes
  2737 | D        | Reached skill level 15 in Shields
  3014 | D        | Received a gift from Trog
  3028 | D        | Noticed a merfolk impaler
  3038 | D        | Killed a merfolk impaler
  3045 | D        | Received a gift from Trog
  3092 | D        | Noticed a royal mummy
  3096 | D        | Noticed an emperor scorpion
  3099 | D        | Killed a royal mummy
  3100 | D        | Reached skill level 21 in Axes
  3100 | D        | Reached skill level 15 in Armour
  3100 | D        | Reached skill level 5 in Dodging
  3100 | D        | Reached XP level 12. HP: 123/123 MP: 11/11
  3137 | D        | Noticed a frost giant
  3142 | D        | Killed a frost giant
  3187 | D        | Identified the +7 sceptre of Asmodeus
  3187 | D        | Noticed Asmodeus
  3195 | D        | Noticed a balrug
  3195 | D        | Noticed a balrug
  3204 | D        | Killed from afar by Asmodeus

Illustrated notes

Levels and vault maps discovered:
D:        pitsprint [storerooms_1, entrance_room_1, metal_vault_6, armoury_2,
          mini_pit_1, grid_room_1, main_hall_1, silver_pit, the_coven_2,
          the_vestibule_1, steel_vault_5, golden_pit, hallway_of_sentries,
          crystal_vault_5, iron_vault_4, final_vault]

Skill      XL: |  1  2  3  4  5  6  7  8  9 10 11 |
---------------+----------------------------------+-----
Fighting       | 4 5 7 8 9 10 11 12 14 16 | 16.5
Armour         | 4 5 7 8 9 10 11 12 14 15 | 15.4
Shields        | 4 5 7 8 9 10 11 12 14 16 | 16.5
Axes           | 3 6 7 9 11 14 16 19 21 | 21.9
Dodging        | 1 2 3 4 5 |  5.4
Stealth        | 1 2 |  2.1

Action                   |  1- 3 |  4- 6 |  7- 9 | 10-12 || total
-------------------------+-------+-------+-------+-------++-------
Melee: Hand axe          |    37 |    38 |    29 |       ||   104
       War axe           |     2 |       |    36 |       ||    38
       Headbutt          |     4 |    11 |    18 |    31 ||    64
       Broad axe         |       |       |     1 |   131 ||   132
Invok: Berserk           |       |       |     2 |     7 ||     9
       Brothers in Arms  |       |       |       |     3 ||     3
  Use: Potion            |       |       |       |     3 ||     3
       Scroll            |       |       |       |     1 ||     1
Armor: Scale mail        |    17 |       |       |       ||    17
       Plate armour      |    10 |    16 |    12 |       ||    38
       Chain mail        |       |       |     5 |    60 ||    65
Dodge: Dodged            |    17 |     2 |     8 |    22 ||    49
Block: Kite shield       |    28 |     9 |    21 |    66 ||   124

Table legend: (Time is in decaauts)
 A = Elapsed time spent in this place.
 B = Non-inter-level travel time spent in this place.
 C = Inter-level travel time spent in this place.
 D = Time resting spent in this place.
 E = Time spent auto-exploring this place.
 F = Levels seen in this place.
 G = Mean time per level.
                   A        B        C        D        E       F      G
               +--------+--------+--------+--------+--------+-----+--------+
         Total |   3226 |   3162 |     64 |   2226 |     48 |   1 | 3226.0 |
       Dungeon |   3226 |   3162 |     64 |   2226 |     48 |   1 | 3226.0 |
               +--------+--------+--------+--------+--------+-----+--------+

Top non-repeatable levels by time:
       D: 3226 daAuts
